 Dungeon Crawl Stone Soup version 0.28-a0-834-g1a73be5ee4 (webtiles) character file.

Game seed: 18428103319322745131

50 siradein the Poker (level 3, -2/42 HPs)
             Began as a Merfolk Gladiator on Nov 11, 2021.
             Slain by a kobold (3 damage)
             ... on level 2 of the Dungeon.
             The game lasted 00:02:32 (1173 turns).

siradein the Poker (Merfolk Gladiator)              Turns: 1173, Time: 00:02:33

Health: -2/42      AC:  3    Str: 14    XL:     3   Next: 79%
Magic:  3/3        EV: 13    Int:  7    God:
Gold:   52         SH:  5    Dex: 16    Spells: 2/2 levels left

rFire   . . .      SeeInvis .   a - +0 trident
rCold   . . .      Faith    .   (no shield)
rNeg    . . .      Spirit   .   b - +0 leather armour
rPois   .          Reflect  +   (helmet restricted)
rElec   .          Harm     .   (no cloak)
rCorr   .          Rampage  .   (no gloves)
Will    +....                   (no boots)
Stlth   ..........              n - amulet of reflection
HPRegen 0.14/turn               k - ring of willpower
MPRegen 0.08/turn               (no ring)

@: berserking, lethally poisoned (-2 -> -3), very quick
A: (nimble swimmer 2), mertail, beak, subdued magic 1
a: no special abilities


You were on level 2 of the Dungeon.
You visited 1 branch of the dungeon, and saw 2 of its levels.

You collected 52 gold pieces.

Inventory:

Hand Weapons
 a - a +0 trident (weapon)
Missiles
 d - 3 throwing nets
 g - 54 stones (quivered)
Armour
 b - a +0 leather armour (worn)
 c - a +0 helmet
Jewellery
 k - a ring of willpower (left hand)
 m - a +6 ring of intelligence
 n - an amulet of reflection (around neck)
Scrolls
 h - a scroll of magic mapping {unknown}
 j - a scroll of identify {unknown}
 l - a scroll of teleportation {unknown}
 o - a scroll of blinking {unknown}
Potions
 i - a potion of flight {unknown}
 p - a potion of might {unknown}


   Skills:
 + Level 2.9 Fighting
 + Level 5.0 Polearms
 + Level 2.5 Throwing
 + Level 4.6 Dodging


You had 2 spell levels left.
You didn't know any spells.
Your spell library contained the following spells:

 Spells                   Type           Power      Damage    Failure   Level
 Shock                    Conj/Air       0%         1d3       47%         1
 Tukima's Dance           Hex            0%         N/A       85%         3
 Passage of Golubria      Tloc           0%         N/A       99%         4
 Yara's Violent Unravell  Hex/Tmut       0%         3d3       100%        5


Dungeon Overview and Level Annotations

Branches:
Dungeon (2/15)

Altars:


Innate Abilities, Weirdness & Mutations

((You are quick and stealthy near water. (Stealth+, EV+, Speed+++)))
Your lower body shifts to a powerful aquatic tail in water.
You have a beak for a mouth.
Your spells are a little easier to cast, but a little less powerful.


Message History

The adder poisons you!
You closely miss the adder.
You feel sick. The adder bites you but does no damage. The adder misses you.
You closely miss the adder.
You feel sick. The adder misses you. The kobold barely misses you.
You miss the adder.
You feel sick. The rat bites you but does no damage. The adder bites you.
You are more poisoned.
The adder poisons you! You block the kobold's attack.
You barely miss the adder.
You feel very sick. You block the adder's attack. The rat closely misses you.
The kobold hits you but does no damage. The adder bites you.
You are too injured to fight recklessly!
* * * LOW HITPOINT WARNING * * *
You feel sick. The rat bites you.
* * * LOW HITPOINT WARNING * * *
* * * LOW HITPOINT WARNING * * *
You feel sick.
You see here an adder corpse.
* * * LOW HITPOINT WARNING * * *
You feel sick.
* * * LOW HITPOINT WARNING * * *
You feel sick.
It was a potion of mutation.
You feel extremely strange.
Your connection to magic feels subdued.
Your mouth lengthens and hardens into a beak!
Your +0 helmet falls away!
* * * LOW HITPOINT WARNING * * *
You feel sick. The rat closely misses you.
It was a potion of berserk rage.
A red film seems to cover your vision as you go berserk!
You feel yourself moving faster!
You feel mighty!
* * * LOW HITPOINT WARNING * * *
You feel sick. The kobold hits you but does no damage. The rat misses you.
You are too berserk!
You impale the rat!!
You kill the rat!
The kobold hits you with a +0 dagger.
You die...

#..........
#..........
#.......... ####
#.......... ##..##
#.......... #....#
#.......... ##.##.#
##†#########
...##.# #SK#
#####.#### #@## #
#....##### #.# ##
####.....###.# .###
#####..##.# ...#
##.##.##########
##.#
#.......##....#
#.##
########.##.##....#
#..#
#......#.##..#....#
##.###
#......#.###......#


You could see an adder and a kobold.

Vanquished Creatures
  An adder (D:2)
  2 dart slugs
  An orc (D:2)
  3 bats
  3 endoplasms
  4 giant cockroaches
  5 goblins
  4 hobgoblins
  2 quokkas (D:1)
  3 ball pythons (D:1)
  A frilled lizard (D:1)
  2 kobolds (D:1)
  3 rats
34 creatures vanquished.

Notes
Turn   | Place    | Note
-------+----------+-------------------------------------------
     0 | D:1      | siradein the Merfolk Gladiator began the quest for the Orb.
     0 | D:1      | Reached XP level 1. HP: 16/16 MP: 1/1
   138 | D:1      | Reached XP level 2. HP: 14/23 MP: 2/2
   735 | D:2      | Reached XP level 3. HP: 28/28 MP: 3/3
   857 | D:2      | Reached skill level 5 in Polearms
   896 | D:2      | Found a faded altar of an unknown god.
   906 | D:2      | Got Plato's Grimoire of Feathers
  1171 | D:2      | Gained mutation: Your spells are a little easier to cast,
                  | but a little less powerful. [potion of mutation]
  1171 | D:2      | Gained mutation: You have a beak for a mouth. [potion of
                  | mutation]
  1171 | D:2      | HP: 1/28 [poisoned by an adder]
  1173 | D:2      | Slain by a kobold

Illustrated notes

Levels and vault maps discovered:
D:1:      dpeg_arrival_tiny_a, layout_basic, minivault_26
D:2:      layout_rooms, shapermc_ecumenical_altar_rom_forum

Skill      XL: |  1  2  3 |
---------------+----------+-----
Polearms       | 5 |  5.0
Fighting       | |  2.9
Throwing       | |  2.5
Dodging        | |  4.6

Action                   || total
-------------------------++-------
Melee: Trident           ||    92
  Use: Potion            ||     2
Armor: Leather armour    ||    19
Dodge: Dodged            ||    57
Block: Other             ||     2

Table legend: (Time is in decaauts)
 A = Elapsed time spent in this place.
 B = Non-inter-level travel time spent in this place.
 C = Inter-level travel time spent in this place.
 D = Time resting spent in this place.
 E = Time spent auto-exploring this place.
 F = Levels seen in this place.
 G = Mean time per level.
                   A        B        C        D        E       F      G
               +--------+--------+--------+--------+--------+-----+--------+
         Total |   1178 |   1158 |     20 |      0 |    888 |   2 |  589.0 |
       Dungeon |   1178 |   1158 |     20 |      0 |    888 |   2 |  589.0 |
               +--------+--------+--------+--------+--------+-----+--------+

Top non-repeatable levels by time:
     D:1: 735 daAuts
     D:2: 442 daAuts
